 Dungeon Crawl Stone Soup version 0.17-a0-1945-gfe993df (webtiles) character file.

63 4thArraOfDagon the Sneak (level 4, -2/35 HPs)
             Began as a Ghoul Enchanter on Sept 30, 2015.
             Slain by a sky beast (6 damage)
             ... on level 5 of the Dungeon.
             The game lasted 00:04:21 (816 turns).

4thArraOfDagon the Sneak (Ghoul Enchanter)           Turns: 816, Time: 00:04:21

Health: -2/35      AC: 11    Str: 11    XL:     4   Next: 10%
Magic:  5/5        EV:  2    Int: 11    God:
Gold:   49         SH:  0    Dex: 12    Spells: 1 memorised, 5 levels left

rFire  . . .     SeeInvis .       - Unarmed
rCold  + . .     Clarity  .     i - +0 plate armour
rNeg   + + +     SustAt   .     (no shield)
rPois  ∞         Gourm    .     k - +0 helmet
rElec  .         Spirit   .     (no cloak)
rCorr  .         Warding  .     (no gloves)
rMut   .         Stasis   .     (no boots)
MR     .....                    (no amulet)
Stlth  ..........               (no ring)
                                j - +3 ring of dexterity

@: rotting, not resistant to hostile enchantments, extremely unstealthy
A: rotting body, claws 1, carnivore 3, cold resistance 1, negative energy
resistance 3, slow healing 1, torment resistance, unbreathing
a: no special abilities


You were on level 5 of the Dungeon.
You were not hungry.

You visited 1 branch of the dungeon, and saw 5 of its levels.

You collected 49 gold pieces.

Inventory:

Armour
 i - a +0 plate armour (worn)
 k - a +0 helmet (worn)
Jewellery
 j - a +3 ring of dexterity (left claw)
Scrolls
 e - a scroll of identify {unknown}
 f - a scroll of teleportation {unknown}
 l - a scroll of fog {unknown}
Potions
 h - a potion of degeneration {unknown}
 m - 2 potions of haste {unknown}
 n - a potion of flight {unknown}
Books
 c - a book of Maledictions

   Spells                             Type                      Level
   a - Corona                         Hexes                        1
   b - Ensorcelled Hibernation        Hexes/Ice                    2
   c - Confuse                        Hexes                        3
   d - Tukima's Dance                 Hexes                        3
   e - Dazzling Spray                 Conjuration/Hexes            3
Comestibles
 a - a slice of pizza
 d - 2 meat rations
 g - 11 chunks of flesh


   Skills:
 + Level 1.2 Fighting
   Level 0.8 Short Blades
 + Level 1.1 Armour
 + Level 2.5 Dodging
 - Level 3.2 Stealth
 * Level 2.1 Unarmed Combat
 - Level 1.7 Spellcasting
 - Level 2.4 Hexes


You had 5 spell levels left.
You knew the following spells:

 Your Spells              Type           Power        Failure   Level  Hunger
a - Corona                Hex            #......      100%        1    ##.....


Dungeon Overview and Level Annotations

Branches:
Dungeon (5/15)
 Temple: D:4-7

Altars:


Innate Abilities, Weirdness & Mutations

Your body is rotting away.
You thrive on raw meat.
You are immune to poison.
You have sharp fingernails.
You are carnivorous and can eat meat at any time.
Your flesh is cold resistant.
You are immune to negative energy.
You heal slowly when monsters are visible.
You are immune to unholy pain and torment.
You can survive without breathing.


Message History

You are too injured to fight recklessly!
The sky beast flickers out of sight!
Deactivating autopickup; reactivate with Ctrl-A.
You see here the +1 ring mail of Marychi {rF- Int+2 Dex+3 Stlth+}.
A sky beast appears from thin air!
Reactivating autopickup.
Found 21 gold pieces.
Some of the chunks of flesh in your inventory have rotted away.
You see here the +1 ring mail of Marychi {rF- Int+2 Dex+3 Stlth+}.
You completely miss the sky beast.
The sky beast is heavily wounded.
The sky beast hits you but does no damage.
You closely miss the sky beast.
The sky beast is heavily wounded.
The sky beast flickers out of sight!
Deactivating autopickup; reactivate with Ctrl-A.
Something hits you.
* * * LOW HITPOINT WARNING * * *
Something shocks you.
You die...

######## #....(.##
### #.......#####
##<## #.####......##
##...###.###.........
#........@{........##
##...###.####..#####
##.## #.####..# #.#
#.......# ...
#.......# .#.#
######...# #.#.
.....# # .>$...#
.......#


There were no monsters in sight!

Vanquished Creatures
  Robin (D:2)
  An adder (D:2)
  An adder skeleton (D:4)
  A worm (D:4)
  2 orcs (D:2)
  2 bats
  A giant cockroach (D:4)
  7 goblins
  7 hobgoblins
  7 jackals
  A ball python (D:2)
  2 kobolds (D:1)
  A rat (D:1)
34 creatures vanquished.

Notes
Turn   | Place    | Note
--------------------------------------------------------------
     0 | D:1      | 4thArraOfDagon the Ghoul Enchanter began the quest for the Orb.
     0 | D:1      | Reached XP level 1. HP: 14/14 MP: 2/2
   185 | D:1      | Reached XP level 2. HP: 20/22 MP: 3/3
   235 | D:2      | Reached skill level 1 in Unarmed Combat
   327 | D:3      | Noticed an orc warrior
   392 | D:2      | Reached XP level 3. HP: 27/27 MP: 4/4
   473 | D:2      | Noticed Robin
   480 | D:2      | Reached skill level 1 in Armour
   498 | D:2      | Killed Robin
   498 | D:2      | Reached skill level 1 in Fighting
   646 | D:4      | Reached XP level 4. HP: 15/34 MP: 5/5
   729 | D:5      | Entered Level 5 of the Dungeon
   737 | D:5      | Got a brightly glowing ring mail
   738 | D:5      | my dream armour
   748 | D:5      | Identified the cursed +1 ring mail of Marychi {rF- Int+2 Dex+3 Stlth+} (You found it on level 5 of the Dungeon)
   762 | D:5      | Noticed a sky beast
   816 | D:5      | Slain by a sky beast

Vault maps used:
D:1:      tarquinn_simple_flora_water_a, hangedman_abyss_or_decor_lesser_grid,
          minmay_misc_feat_iff, hangedman_decor_diamond_cutter
D:2:      lemuel_crystal_altar, hangedman_decor_clover_reticule, uniq_robin
D:3:      old_standard_altar, vehumet_crystals, led_sif_pool,
          nemelex_dance_club_becter
D:5:      okawaru_altar_gauntlet_db, minmay_temple_entry_glassed_door,
          serial_shops, shop, first_bread

Action                   |  1- 3 |  4- 6 || total
-------------------------+-------+-------++-------
Melee: Unarmed           |   125 |    42 ||   167
       Dagger            |     1 |       ||     1
  Use: Scroll            |       |     1 ||     1
  Eat: Chunk             |     5 |     3 ||     8
